deki, lawful female human Valkyrie ------ ------------ |....| ##`#-..........| ------- |....| ###|..........| #......| ----- |....| # #|...........##%###|...`.-# -...| |....| ### #|........<.| #|.....|# # |...-## |....| # #-------|---- |.....|# ####....| # |....| ### `######### |.....|# ####|...| ### ---.-- # # -------# #### ----- # ## ### ### ######## ### ---------- # # # # ## # |.m%%??>*| ### # ### # ##-@+)!!=%?| # # # |@[(?*"(*| ------|-# |.*/*[[%!| |......|# |.%?%(?/)| |......|# |.=([%?(%| |......-# ---------- |......| -------- deki the Skirmisher Experience level: 4 Strength: 18/02 Dexterity: 10 Constitution: 17 Intelligence: 8 Wisdom: 10 Charisma: 9 Health: 0(43) Energy: 7(7) Def: 7 Gold: 325 Moves: 1329 Dungeon seed: MHckoDnKBr_NQRuF Game ID: deki_1623578472 Your Inventory: Coins $ - 325 gold pieces Weapons a - a +1 long sword (weapon in hand) b - a blessed +0 dagger r - 7 poisoned +0 darts Armor e - an uncursed +3 small shield (being worn) n - an uncursed +0 orcish helm q - an uncursed +0 ring mail (being worn) Comestibles c - 2 uncursed food rations j - an uncursed tin of goblin meat s - an uncursed lichen corpse Scrolls d - a blessed scroll of light i - an uncursed scroll of identify Potions g - an uncursed potion of gain energy m - a blessed potion of restore ability Wands f - a wand of nothing (0:4) l - a wand of light (0:12) p - a wand of enlightenment (0:14) Tools h - an uncursed bell k - an uncursed skeleton key o - an uncursed sack Spells and supernatural/magical abilities: Name Level Category Fail Memory W - pray for help -- divine ? -- Your skills at the end: Fighting Skills Weapon Skills dagger [Basic] long sword [Basic] Spellcasting Skills Final Attributes: You were piously aligned. You were cold resistant. You were stealthy. You were held by a giant mimic. You are dead. Vanquished creatures: a little dog 2 large kobolds 3 gnomes 2 geckos 3 jackals 2 foxes a goblin 4 grid bugs 6 lichens 5 newts 29 creatures vanquished. Voluntary challenges: You were an atheist. You used a wielded weapon 31 times, starting on turn 12. You read items or engraved 2 times, starting on turn 885. You never genocided any monsters. You never polymorphed an object. You never changed form. You used no wishes. You never split a pudding. You never wrote Elbereth's name. You never violated your personal moral code. Dungeon overview: The Dungeons of Doom: levels 1 to 4 Level 1 an altar to Odin, a fountain a long staircase Level 2 a fountain stairs to The Gnomish Mines Level 3 a fountain Level 4 <- You were here a general store The Gnomish Mines: Level 3 stairs to The Dungeons of Doom History has recorded: On T:1 you entered the Dungeons of Doom to retrieve the Amulet of Yendor! On T:322 you reached level 2 of The Dungeons of Doom. On T:364 you reached level 3 of The Dungeons of Doom. On T:480 you reached level 1 of The Gnomish Mines. On T:483 you advanced to experience level 2. On T:749 you advanced to experience level 3. On T:1154 you reached level 4 of The Dungeons of Doom. On T:1293 you advanced to experience level 4. Score breakdown: Gold: 325 ( 8549 points) Experience: 4 levels ( 9649 points) Exploration: 4 levels ( 7.84%) ( 7348 points) Discoveries: 2 items ( 0.81%) ( 2705 points) Valuables value: (no points given unless you survive) Artifact value: 0 ( 0 points) Variety of kills: 10 monsters ( 2.62%) ( 4860 points) Turncount: 1329 turns ( 0 points) Survival: died (score multiplied by 80%) Total score: 26488 Latest messages: You kill the large kobold! You kill the lichen! You see here a lichen corpse. s - a lichen corpse. The door opens. You stop running. The little dog bites! You hit the little dog! The little dog misses. You kill the little dog! Welcome to experience level 4. You kill the lichen! $ - 16 gold pieces. "Velkommen, deki! Welcome to Kabalebo's general store!" Wait! That's a giant mimic! You miss the giant mimic. You hit the giant mimic! You miss the giant mimic. The giant mimic hits! (2x) You miss the giant mimic. You hit the giant mimic! You miss the giant mimic. (2x) The giant mimic hits! (2x) You die... Kabalebo gratefully inherits all your possessions. Final status: Farvel deki the Valkyrie, killed by a giant mimic... You died in The Dungeons of Doom on dungeon level 4 with 26488 points, and 325 pieces of gold, after 1329 moves. You were level 4 with a maximum of 43 hit points when you died.